 Dungeon Crawl Stone Soup version 0.25-a0-990-g0adbbaad2a (webtiles) character file.

Game seed: 12161667773690613249, levelgen mode: deterministic

4 P0NYSLAYSTATION the Skirmisher (level 1, -4/20 HPs)
             Began as a Minotaur Monk on May 10, 2020.
             Slain by a worker ant (6 damage)
             ... on level 4 of the Dungeon.
             The game lasted 00:01:02 (151 turns).

P0NYSLAYSTATION the Skirmisher (Minotaur Monk)       Turns: 151, Time: 00:01:03

Health: -4/20      AC:  2    Str: 15    XL:     1   Next: 50%
Magic:  0/0        EV: 13    Int:  7    God:
Gold:   51         SH:  0    Dex: 12    Spells: 0/0 levels left

rFire    . . .     SeeInvis .   a - +0 falchion
rCold    . . .     Gourm    .   (no shield)
rNeg     . . .     Faith    .   b - +0 robe
rPois    .         Spirit   .   (helmet restricted)
rElec    .         Reflect  .   (no cloak)
rCorr    .         Harm     .   (no gloves)
MR       .....                  (no boots)
Stlth    ++........             (no amulet)
HPRegen  0.06/turn              (no ring)
MPRegen  0.07/turn              (no ring)

@: no status effects
A: retaliatory headbutt, horns 2
a: no special abilities


You were on level 4 of the Dungeon.
You were not hungry.

You visited 1 branch of the dungeon, and saw 4 of its levels.

You collected 51 gold pieces.

Inventory:

Hand Weapons
 a - a +0 falchion (weapon)
Armour
 b - a +0 robe (worn)
Jewellery
 d - an uncursed ring of ice {unknown}
 e - an uncursed ring of flight {unknown}
Scrolls
 h - a scroll of magic mapping {unknown}
Potions
 g - a potion of haste {unknown}
Comestibles
 c - a ration
 f - a chunk of flesh


   Skills:
 + Level 3.7 Fighting
 + Level 3.7 Long Blades
 + Level 3.4 Dodging
 + Level 1.6 Stealth


You couldn't memorise any spells.
You didn't know any spells.
Your spell library was empty.

Dungeon Overview and Level Annotations

Branches:
Dungeon (4/15)
 Temple: D:4-7

Altars:
Sif Muna
Uskayaw


Innate Abilities, Weirdness & Mutations

You reflexively headbutt those who attack you in melee.
You have a pair of horns on your head.


Message History

You kill the frilled lizard!
You closely miss the worker ant. The worker ant barely misses you.
You riposte.
You barely miss the worker ant. The worker ant bites you.
You hit the worker ant but do no damage.
You headbutt the worker ant, but do no damage.
The worker ant bites you.
You hit the worker ant. You headbutt the worker ant!
The worker ant is severely wounded.
The worker ant bites you but does no damage.
You hit the worker ant but do no damage.
You headbutt the worker ant, but do no damage.
The worker ant is severely wounded.
The worker ant bites you!
* * * LOW HITPOINT WARNING * * *
The worker ant completely misses you.
You riposte.
You hit the worker ant.
The worker ant is almost dead.
You closely miss the worker ant. You headbutt the worker ant.
The worker ant is almost dead.
The worker ant bites you.
You die...

##########
#...@a...#
#..?.....#
#.[♣♣♣♣..#
#.. .+ #.
+ #$ #


You could see a worker ant.

Vanquished Creatures
  A hobgoblin (D:2)
  A kobold (D:2)
  A frilled lizard (D:4)
  A goblin (D:2)
4 creatures vanquished.

Notes
Turn   | Place    | Note
-------+----------+-------------------------------------------
     0 | D:1      | P0NYSLAYSTATION the Minotaur Monk began the quest for the
                  | Orb.
     0 | D:1      | Reached XP level 1. HP: 19/19 MP: 0/0
   120 | D:3      | Found a hide-covered altar of Uskayaw.
   120 | D:3      | Found a shimmering blue altar of Sif Muna.
   144 | D:4      | Noticed a worker ant
   151 | D:4      | Slain by a worker ant

Illustrated notes

Levels and vault maps discovered:
D:1:      nicolae_arrival_washed_ashore, layout_rooms
D:2:      layout_loops_ring, grunt_temple_overflow_open
D:3:      layout_loops_ring, gammafunk_temple_overflow_elements, first_ration,
          nicolae_dithmenos_through_a_glass_darkly
D:4:      layout_loops_ring, minmay_temple_entry_stoned_glass,
          kennysheep_generic_room_6, uniq_menkaure

Action                   || total
-------------------------++-------
Melee: Falchion          ||    14
       Headbutt          ||     4
 Stab: Sleeping          ||     1
Armor: Robe              ||     2
Dodge: Dodged            ||     8
       Rpst.: Falchion   ||     4

Table legend:
 A = Non-vault XP
 B = Vault XP
 C = Vault XP percentage of total XP
 D = Non-vault monster count
 E = Vault monster count
 F = Vault count percentage of total count
                 A         B        C        D         E       F
            +---------+---------+-------+---------+---------+-------
      Total |       5 |       1 |  16.7 |       3 |       1 |  25.0
            +---------+---------+-------+---------+---------+-------
        D:2 |       5 |       0 |   0.0 |       3 |       0 |   0.0
        D:4 |       0 |       1 | 100.0 |       0 |       1 | 100.0
            +---------+---------+-------+---------+---------+-------
